 Dungeon Crawl Stone Soup version 0.32-a0-933-ga8fa3634e4 (webtiles) character file.

Game seed: 3597378235964832734

1816234 bananaken the Shatterer (level 27, 178/190 HPs)
             Began as a Gargoyle Berserker on Apr 14, 2024.
             Was a High Priest of Trog.
             Escaped with the Orb
             ... and 3 runes!
             The game lasted 03:30:18 (58708 turns).

bananaken the Shatterer (Gargoyle Berserker)       Turns: 58708, Time: 03:30:18

Health: 178/190    AC: 66    Str: 35    XL:     27
Magic:  23/23      EV: 15    Int:  5    God:    Trog [*****.]
Gold:   4230       SH: 24    Dex: 13    Spells: 26/26 levels left

rFire   + + .        b - +9 eveningstar (vamp)
rCold   + + +        W - +2 tower shield {reflect}
rNeg    + + +        y - +5 gold dragon scales
rPois   ∞            H - +0 helmet of Eju Zogg {Rampage rF- Will+ rCorr}
rElec   +            N - +2 cloak
rCorr   +            U - +2 pair of gloves of Fortification {rPois rF+}
SInv    +            J - +2 pair of boots {rampage}
Will    +++..        V - amulet of regeneration Stlth
                     w - ring "Zocka" {rC++ rN++ Int-3 Dex+6}
HPRegen 1.31/turn    T - ring of Hexkixilu {rF+ EV+5 Dex-2 SInv}
MPRegen 0.18/turn

%: reflection, rampage
@: flying, studying Shapeshifting
A: sickness immunity, AC +20, big wings, negative energy resistance 1,
electricity resistance, torment resistance 1, petrification resistance,
iridescent scales 1, passive freeze
0: Orb of Zot
}: 3/15 runes: decaying, serpentine, silver
a: Renounce Religion, Berserk, Trog's Hand, Brothers in Arms


You escaped.
You worshipped Trog.
Trog was extremely pleased with you.
You visited 10 branches of the dungeon, and saw 50 of its levels.
You also visited: Gauntlet, Ice Cave and Volcano.

You collected 8592 gold pieces.
You spent 4362 gold pieces at shops.

Inventory:

Hand Weapons
 a - a +7 antimagic eveningstar
 b - a +9 vampiric eveningstar (weapon)
Missiles
 e - a throwing net (quivered)
Armour
 y - +5 gold dragon scales (worn)
 H - the +0 helmet of Eju Zogg (worn) {Rampage rF- Will+ rCorr}
   (You found it on level 5 of the Vaults)

   rF-:       It makes you vulnerable to fire.
   Will+:     It increases your willpower.
   rCorr:     It protects you from acid and corrosion.
   Rampage:   It bestows one free step when moving towards enemies.
 J - a +2 pair of boots of rampaging (worn)
 N - a +2 cloak (worn)
 U - the +2 pair of gloves of Fortification (worn) {rPois rF+}
   (You found it on level 5 of the Vaults)

   rF+:       It protects you from fire.
   rPois:     It protects you from poison.
 W - a +2 tower shield of reflection (worn)
Jewellery
 d - a ring of protection from fire
 p - an amulet of reflection
 w - the ring "Zocka" (left hand) {rC++ rN++ Int-3 Dex+6}
   (You found it on level 3 of the Crypt)

   [ring of dexterity]

   Int-3:     It affects your intelligence (-3).
   Dex+6:     It affects your dexterity (+6).
   rC++:      It greatly protects you from cold.
   rN++:      It greatly protects you from negative energy.
 I - the ring of Xom's Amusement {rPois rF+ rN+}
   (You found it on level 3 of the Vaults)

   [ring of positive energy]

   rF+:       It protects you from fire.
   rPois:     It protects you from poison.
   rN+:       It protects you from negative energy.
 R - a ring of willpower
 T - the ring of Hexkixilu (right hand) {rF+ EV+5 Dex-2 SInv}
   (You bought it in a shop on level 2 of the Orcish Mines)

   [ring of evasion]

   EV+5:      It affects your evasion (+5).
   Dex-2:     It affects your dexterity (-2).
   rF+:       It protects you from fire.
   SInv:      It lets you see invisible.
 V - an amulet of regeneration (around neck)
Wands
 i - a wand of charming (21)
 k - a wand of quicksilver (21)
 C - a wand of warping (29)
 G - a wand of polymorph (1)
 M - a wand of mindburst (7)
Scrolls
 f - 10 scrolls of teleportation
 g - 11 scrolls of fear
 m - 7 scrolls of poison
 n - a scroll of blinking
 q - 13 scrolls of immolation
 r - 9 scrolls of vulnerability
 z - 7 scrolls of fog
 B - a scroll of summoning
 L - 2 scrolls of torment
 Y - a scroll of silence
Potions
 c - 9 potions of heal wounds
 h - 4 potions of lignification
 j - a potion of berserk rage
 l - 5 potions of enlightenment
 o - 10 potions of ambrosia
 v - 2 potions of resistance
 x - 9 potions of magic
 A - 9 potions of attraction
 E - 16 potions of curing
 K - 3 potions of cancellation
 O - 3 potions of mutation
 X - a potion of invisibility
Miscellaneous
 u - a condenser vane
 D - a Gell's gravitambourine (inert)
 P - a box of beasts (inert)
 Q - a lightning rod (4/4)
 S - a phantom mirror (inert)


   Skills:
 + Level 24.1 Fighting
 * Level 25.7 Maces & Flails
 - Level 3.3 Throwing
 + Level 22.7 Armour
 - Level 8.5 Dodging
 + Level 22.8 Shields
 - Level 17.8 Evocations


You had 26 spell levels left.
You didn't know any spells.
Your spell library was empty.

Dungeon Overview and Level Annotations

Branches:
Dungeon (15/15)            Temple (0/1) D:6            Lair (5/5) D:10
  Swamp (4/4) Lair:3        Snake (4/4) Lair:3          Orc (2/2) D:12
    Elf (3/3) Orc:2        Vaults (5/5) D:14          Crypt (3/3) Vaults:3
   Tomb (0/3) Crypt:3      Depths (4/4) D:15            Zot (5/5) Depths:4
  IceCv (visited)         Volcano (visited)         Gauntlet (visited)
  Slime: Lair:4-5

Altars:
Dithmenos
Elyvilon
Fedhas
Gozag
Kikubaaqudgha
Okawaru
Ru
Sif Muna
Trog
Xom
Zin
The Shining One
Beogh
Ignis
Jiyva

Shops:
Orc:2 !=([   Elf:1 (   Elf:3 *   Snake:4 *[?[   Vaults:1 [   Vaults:2 =
Vaults:3 !   Vaults:4 (   Zot:3 *   Depths:4 ?

Portals:
Hell: Depths:1 Depths:2 Depths:3 Depths:4
Abyss: Depths:3 Depths:4
Pandemonium: Depths:1 Depths:2
Ziggurat: Depths:4

Annotations:
D:5 2 transporters
D:9 3 runed translucent doors, D0namaru's ghost, novice DsGl; croobank's ghost, novice OpSu
D:10 4 transporters
D:11 3 runed translucent doors, ezpacito's ghost, novice CoCK
Crypt:2 2 transporters
Zot:3 3 runed translucent doors, exclusion: obsidian statue, Haqulin's ghost, master GnRe
Zot:4 2 transporters, Sackuas's ghost, veteran OnBe
Zot:5 1 exclusion


Innate Abilities, Weirdness & Mutations

You are immune to sickness and miasma.
Your stone body is resilient. (AC +20)
You are immune to poison.
Your large and strong wings let you fly.
You resist negative energy. (rN+)
You are resistant to electric shocks. (rElec)
You are resistant to unholy torment.
You are immune to petrification.
You are partially covered in iridescent scales. (AC +2)
A frigid envelope surrounds you and freezes all who hurt you.


Message History

Okay, then.
Aiming: Dig
Press: ? - help, Shift-Dir - straight line Some lava.
This square is covered in magical glow.
The rock shatters into small pieces.
The now-empty wand crumbles to dust.
You feel extremely strange.
You no longer feel strong-willed.
You feel stronger.
You no longer feel vulnerable to cold.
You begin to heal more quickly.
You occasionally lose the ability to drink potions when taking damage.
You feel extremely strange.
Your rate of healing slows.
You no longer become unable to drink potions after taking damage.
You feel your surroundings grow quieter.
You feel extremely strange.
You feel robust.
You feel genetically unstable.
You feel clumsy.
You feel extremely strange.
You feel agile.
You feel your surroundings grow louder.
You begin to recover more slowly from draining effects.
You feel frail.
Iridescent scales grow over part of your body.
You feel extremely strange.
You feel robust.
You recover from draining at a normal speed again.
You feel weirdly uncertain.
You feel the urge to shout.
You feel clumsy.
You feel extremely strange.
Your urge to shout disappears.
You feel agile.
You feel stable.
You occasionally lose the ability to drink potions when taking damage.
You feel a hidden malignance growing inside you.
Your skin feels very cold.
You impale the kobold!!
You kill the kobold!
Trog accepts your kill.
You feel extremely strange.
You no longer feel a malignance within.
Your iridescent scales disappear.
You no longer become unable to drink potions after taking damage.
Iridescent scales grow over part of your body.
You feel vulnerable to heat.
You no longer feel vulnerable to heat.
You can't go down here!
You have escaped!

####....#######'''#######...#..#.
#....#g#...........#.#...#.###
#.#..###..ß.###.ß...##...#....
#.†..#≈.............≈#...#####
###..#≈≈...........≈≈#...# #
#..#≈≈≈.........≈≈≈#...# #
#..#≈≈≈≈§≈...≈≈≈≈§§#...# #
#..#≈≈≈≈≈≈≈§§§≈≈≈§§#...# #
#..#≈≈≈≈≈§≈@§§≈≈≈≈§#...## #
#..#################....####
#........................>..
#...........................
###############........#####
##########


You could see a goblin.

Vanquished Creatures
  Frederick (Vaults:4)
  A pandemonium lord (Depths:4)
  5 dread liches
  2 ancient liches (Crypt:3)
  Mara (Elf:3)
  7 orbs of fire
  Boris (Vaults:3)
  Vashnia (Snake:2)
  2 Killer Klowns (Zot:5)
  Bai Suzhen (Crypt:3)
  A caustic shrike (Depths:3)
  Margery (Vaults:2)
  2 curse toes (Zot:2)
  6 golden dragons
  Norris (Elf:1)
  Jory (Vaults:4)
  the Enchantress (Depths:4)
  2 bone dragons
  A Hell Sentinel (Depths:4)
  18 tentacled monstrosities
  Mlioglotl (Swamp:3)
  Jorgrun (D:14)
  16 Orb Guardians (Zot:5)
  A lich (Depths:3)
  4 deep elf blademasters (Elf:3)
  A walking frostbound tome (Depths:3)
  2 deep elf master archers (Elf:3)
  An Executioner (D:15)
  5 sphinxes
  A searing wretch (Vaults:2)
  3 quicksilver dragons
  5 titans
  6 death cobs
  2 ancient champions
  3 tengu reavers
  9 shadow dragons
  Agnes (Elf:1)
  Kirke (D:14)
  10 draconian monks
  13 storm dragons
  6 protean progenitors
  The ghost of jasper the Fencer, an adept DsRe of Gozag (Swamp:4)
  Donald (Vaults:2)
  8 fire giants
  5 nagarajas (Snake:4)
  8 draconian shifters
  A fenstrider witch (Swamp:1)
  8 draconian knights
  A ghost moth (Zot:1)
  An azure jelly (shapeshifter) (Depths:2)
  2 deep elf elementalists (Elf:3)
  3 draconian scorchers
  4 deep elf sorcerers
  A daeva (Zot:1)
  16 vault wardens
  7 iron dragons
  6 frost giants
  A demonspawn warmonger (D:15)
  2 balrugs (Crypt:3)
  2 curse skulls
  16 ironbound preservers
  A reaper (Crypt:2)
  An angel (Depths:4)
  4 ghouls
  2 draconian stormcallers
  3 orc warlords
  19 very ugly things
  2 caustic shrike skeletons (Crypt:3)
  4 spriggan defenders
  14 draconian annihilators
  A juggernaut skeleton (Crypt:3)
  15 stone giants
  6 ironbound thunderhulks
  4 vampire knights
  2 formless jellyfish
  6 eleionomae
  Nessos (D:14)
  A minotaur (shapeshifter) (Depths:3)
  4 deep elf death magi
  3 deep elf demonologists (Elf:3)
  12 war gargoyles
  Azrael (D:12)
  14 red draconians
  9 green draconians
  8 black draconians
  13 purple draconians
  13 white draconians
  3 spark wasps (Depths:3)
  9 deep elf annihilators
  10 dire elephants
  3 bunyips
  A dire elephant (shapeshifter) (Depths:2)
  11 yellow draconians
  A minotaur (Gauntlet)
  8 jiangshi
  6 ettins
  4 eidola
  14 yaktaur captains
  7 deep elf high priests
  13 fire dragons
  6 great orbs of eyes
  2 salamander tyrants (Snake:4)
  A shambling mangrove (Swamp:3)
  A rakshasa (Depths:1)
  8 ice dragons
  32 vault guards
  11 hydras
  2 hell beasts
  Erolcha (Orc:2)
  6 ironbound frosthearts
  4 spriggan air magi (Depths:4)
  3 ghost crabs
  2 spriggan skeletons (Crypt:3)
  8 alligators
  16 centaur warriors
  A catoblepas (shapeshifter) (Depths:2)
  7 two-headed ogres
  12 anacondas
  Erica (Lair:1)
  3 boulder beetles
  39 dancing weapons
  6 deep troll shamans
  An ogre mage (Vaults:5)
  A catoblepas (Lair:3)
  A deep troll earth mage (Depths:2)
  5 death knights
  A fenstrider witch skeleton (Crypt:3)
  A hell hog (Depths:1)
  16 naga warriors
  2 tengu warriors (D:15)
  An Orb Guardian skeleton (Crypt:2)
  6 death yaks (Lair:4)
  5 vampire magi
  7 spriggan berserkers
  3 occultists
  3 shock serpents
  24 naga sharpshooters
  An orc high priest (Elf:2)
  10 hell knights
  A titan zombie (Depths:3)
  A spectral spark wasp (Depths:1)
  Nergalle (Lair:2)
  23 deep elf knights
  A titan skeleton (Depths:3)
  3 skysharks
  7 iron trolls
  A soul eater (Depths:1)
  A shadow wraith (Crypt:2)
  Amaemon (Lair:1)
  34 skeletal warriors
  2 salamander mystics
  7 goliath frogs
  7 spriggan druids
  2 flayed ghosts (Crypt:2)
  9 mana vipers
  2 glowing orange brains
  32 deep trolls
  5 arcanists
  10 deep elf archers
  14 swamp dragons
  2 lindwurms (Vaults:1)
  7 bog bodies
  A lindwurm (shapeshifter) (Depths:3)
  12 naga ritualists
  5 obsidian statues
  An alligator zombie (Crypt:3)
  16 ironbound convokers
  18 orc knights
  An anaconda skeleton (Crypt:2)
  A fire giant zombie (Depths:3)
  6 orc sorcerers
  18 thermic dynamos
  31 deep elf pyromancers
  9 phantasmal warriors
  20 deep elf zephyrmancers
  A shadow dragon skeleton (Crypt:3)
  5 necromancers
  11 salamanders
  7 cyclopes
  2 shining eyes (Depths:4)
  3 manticores
  2 jorogumo skeletons
  A shining eye (shapeshifter) (Vaults:4)
  37 ugly things
  A will-o-the-wisp (Swamp:2)
  Maurice (D:8)
  9 meliai (D:14)
  26 moths of wrath
  2 kobold blastminers (Orc:1)
  5 toenail golems (Volcano)
  31 black mambas
  17 vault sentinels
  6 guardian serpents
  An eye of devastation (Depths:4)
  7 naga magi
  A molten gargoyle (Depths:2)
  2 orange demons
  9 cane toads
  6 gargoyles
  An unseen horror (shapeshifter) (Vaults:5)
  A white draconian zombie (Crypt:2)
  7 storm dragon simulacra (IceCv)
  2 smoke demons (Crypt:3)
  2 water nymphs (shapeshifter)
  A dire elephant skeleton (Crypt:3)
  A kobold demonologist (D:13)
  An unseen horror (D:12)
  A catoblepas zombie (Crypt:2)
  2 rime drakes
  Jeremiah (D:7)
  4 komodo dragons
  A rime drake (shapeshifter) (D:13)
  A yaktaur (shapeshifter) (D:13)
  5 tengu conjurers
  A tormentor (Zot:1)
  An elephant slug zombie (Crypt:1)
  A komodo dragon (shapeshifter) (D:13)
  A queen bee (D:10)
  4 freezing wraiths
  3 guardian mummies (Crypt:3)
  5 golden dragon simulacra (IceCv)
  35 yaktaurs
  9 trolls
  2 polar bears (shapeshifter) (D:15)
  7 tyrant leeches
  14 hornets
  3 wind drakes (Depths:2)
  17 blink frogs
  Grinder (D:6)
  4 raiju (Depths:2)
  A harpy skeleton (Crypt:3)
  3 glass eyes
  A hydra skeleton (Crypt:1)
  A centaur simulacrum (D:14)
  13 air elementals
  17 spriggans
  20 yaks
  2 vampires
  A culicivora (shapeshifter) (Elf:2)
  23 slime creatures
  11 shadows
  7 water elementals
  A ynoxinul (Gauntlet)
  5 basilisks
  A hog (D:14)
  5 humans (Volcano)
  10 wraiths
  A yak (shapeshifter) (Elf:1)
  6 wyverns
  10 fire elementals
  11 wargs
  A steam dragon (D:10)
  14 vampire mosquitoes
  2 acid dragons
  23 swamp worms
  47 nagas
  A skyshark zombie (Crypt:2)
  16 water moccasins
  A two-headed ogre skeleton (Crypt:1)
  A glowing shapeshifter skeleton (Depths:3)
  4 hell hounds
  2 black bears
  An ice beast (D:5)
  27 orc warriors
  A sky beast (D:6)
  7 swamp drakes
  2 ice dragon simulacra (IceCv)
  A sky beast (shapeshifter) (Elf:2)
  26 laughing skulls
  A wolf (D:10)
  4 ogres
  A cane toad skeleton (Crypt:1)
  10 centaurs
  An elephant skeleton (Crypt:1)
  A manticore skeleton (Crypt:2)
  2 phantoms
  12 bullfrogs
  5 kobold brigands
  A scorpion (Lair:1)
  10 earth elementals
  A gnoll sergeant (D:8)
  A wight (D:8)
  A polar bear zombie (Crypt:1)
  7 lindwurm simulacra (IceCv)
  17 killer bees
  2 electric eels (Elf:3)
  A howler monkey (D:12)
  2 bombardier beetles (D:5)
  2 centaur zombies
  A jelly (D:4)
  14 orc priests
  A hound (D:4)
  3 iron imps (Gauntlet)
  A human skeleton (Crypt:1)
  An iguana (D:6)
  A sleepcap (D:5)
  23 orc wizards
  A sky beast zombie (Crypt:1)
  10 mummies (Crypt:3)
  12 adders
  4 gnolls (D:8)
  2 white imps
  4 ufetubi (D:6)
  2 ribbon worms
  A dart slug (D:3)
  84 orcs
  3 bats
  7 endoplasms
  3 giant cockroaches
  6 goblins
  6 hobgoblins
  23 kobolds
  3 quokkas
  4 ball pythons
  5 frilled lizards
  A goblin skeleton (Crypt:2)
  An orc skeleton (Crypt:1)
  11 rats
  An aspiring flesh (Zot:3)
2047 creatures vanquished.

Vanquished Creatures (collateral kills)
  A juggernaut (Depths:3)
  the Lernaean hydra (Swamp:4)
  A golden dragon (Vaults:5)
  A titan (Vaults:5)
  2 sphinxes (Vaults:5)
  A tengu reaver (Vaults:5)
  A storm dragon (Vaults:5)
  A draconian shifter (Zot:5)
  A draconian scorcher (Zot:5)
  A spriggan defender (Depths:4)
  An ironbound preserver (Vaults:5)
  A very ugly thing (Vaults:5)
  A war gargoyle (Vaults:5)
  A purple draconian (Zot:5)
  Snorg (D:10)
  A great orb of eyes (Zot:5)
  A vault guard (Vaults:5)
  An arcanist (Vaults:4)
  2 deep trolls
  A vault sentinel (Vaults:5)
  2 yaktaurs (Vaults:5)
  A hornet (Depths:4)
  A spriggan (Depths:4)
  3 wyverns
  An orc warrior (Vaults:5)
  An ogre (Vaults:5)
  An orc priest (D:10)
32 creatures vanquished.

Vanquished Creatures (others)
  A dread lich (Crypt:3)
  A death cob (Zot:1)
  A draconian monk (Zot:1)
  A draconian knight (Zot:1)
  A fire giant (Depths:2)
  A very ugly thing (Vaults:5)
  A purple draconian (Zot:1)
  A yellow draconian (Zot:4)
  A two-headed ogre (D:10)
  A deep elf archer (Elf:1)
  A swamp dragon (Swamp:4)
  A glowing orange brain (Depths:2)
  A sun moth (shapeshifter) (Depths:2)
  An arcanist (Vaults:1)
  A deep elf zephyrmancer (Elf:1)
  An orc knight (Vaults:5)
  A bloated husk (Swamp:3)
  A human (D:14)
  A water elemental (Depths:2)
  2 nagas
  A wolf (D:10)
  A kobold brigand (D:13)
  2 killer bees (D:10)
  An orc wizard (D:10)
  2 foxfires (Swamp:2)
28 creatures vanquished.

Grand Total: 2107 creatures vanquished

Notes
Turn   | Place    | Note
-------+----------+-------------------------------------------
     0 | D:1      | bananaken the Gargoyle Berserker began the quest for the
                  | Orb.
     0 | D:1      | Reached XP level 1. HP: 14/14 MP: 1/1
   309 | D:1      | Reached XP level 2. HP: 19/19 MP: 2/2
   531 | D:2      | Reached XP level 3. HP: 23/23 MP: 3/3
   871 | D:2      | Reached skill level 1 in Throwing
   976 | D:2      | Reached XP level 4. HP: 19/29 MP: 4/4
  1376 | D:3      | Reached skill level 4 in Maces & Flails
  1446 | D:3      | Found a faded altar of an unknown god.
  1564 | D:3      | Reached ** piety under Trog
  2075 | D:4      | Reached XP level 5. HP: 33/33 MP: 5/5
  2128 | D:4      | Noticed a phantom
  2141 | D:4      | Killed a phantom
  2315 | D:4      | Found a blossoming altar of Fedhas.
  2331 | D:4      | Reached XP level 6. HP: 22/38 MP: 6/6
  3038 | D:5      | Entered Level 5 of the Dungeon
  3038 | D:5      | Noticed a black bear
  3038 | D:5      | Noticed an ice beast
  3046 | D:4      | Reached skill level 5 in Maces & Flails
  3113 | D:5      | Killed a black bear
  3114 | D:5      | Reached XP level 7. HP: 44/44 MP: 7/7
  3233 | D:5      | Reached skill level 5 in Fighting
  3239 | D:5      | Reached skill level 6 in Maces & Flails
  3358 | D:5      | Noticed a kobold demonologist
  3360 | D:5      | Found a transporter.
  3381 | D:5      | Found a transporter.
  3466 | D:5      | Found a shimmering blue altar of Sif Muna.
  3467 | D:5      | Found a glowing golden altar of the Shining One.
  3590 | D:5      | Reached XP level 8. HP: 49/49 MP: 8/8
  3596 | D:5      | Found a white marble altar of Elyvilon.
  4093 | D:6      | Reached skill level 1 in Evocations
  4202 | D:6      | Found a glowing silver altar of Zin.
  4202 | D:6      | Noticed Grinder
  4213 | D:6      | Killed Grinder
  4214 | D:6      | Reached skill level 7 in Maces & Flails
  4353 | D:6      | Found a staircase to the Ecumenical Temple.
  4663 | D:7      | Noticed Jeremiah
  4752 | D:7      | Killed Jeremiah
  4979 | D:7      | Reached XP level 9. HP: 51/55 MP: 9/9
  5686 | D:8      | Reached skill level 8 in Maces & Flails
  5766 | D:8      | Reached skill level 5 in Dodging
  5954 | D:8      | Noticed Maurice
  6007 | D:8      | Something stole a +0 mace
  6012 | D:8      | Killed Maurice
  6166 | D:8      | Reached skill level 1 in Shields
  6166 | D:8      | Reached XP level 10. HP: 64/64 MP: 10/10
  6307 | D:8      | Found a shimmering altar of Xom.
  6307 | D:8      | Found a sacrificial altar of Ru.
  6891 | D:9      | Found a runed translucent gate.
  6891 | D:9      | Found a runed translucent gate.
  6892 | D:9      | Found a runed translucent gate.
  6893 | D:9      | Noticed D0namaru's ghost (novice DsGl)
  6894 | D:9      | Noticed croobank's ghost (novice OpSu)
  7181 | D:9      | You fall into a shaft and drop 1 floor!
  7181 | D:10     | Entered Level 10 of the Dungeon
  7298 | D:10     | Found a transporter.
  7301 | D:10     | Found a transporter.
  7312 | D:10     | Found a staircase to the Lair.
  7321 | D:10     | Reached skill level 9 in Maces & Flails
  7323 | D:10     | Noticed a two-headed ogre
  7527 | D:10     | Found a transporter.
  7529 | D:10     | Found a transporter.
  7605 | D:10     | Noticed Snorg
  7624 | D:10     | Killed Snorg
  7625 | D:10     | Reached skill level 5 in Evocations
  8153 | D:10     | Found a transporter.
  8154 | D:10     | Found a transporter.
  8212 | D:10     | Identified the +1 leather armour of Lightning Storm {rElec
                  | Stlth+}
  8653 | D:11     | Noticed Sonja
  8654 | D:11     | Sonja changed into Sonja the bullfrog
  8654 | D:11     | Noticed Sonja
  8663 | D:11     | Noticed a two-headed ogre
  8666 | D:11     | Killed Sonja the bullfrog
  8679 | D:11     | Killed a two-headed ogre
  8680 | D:11     | Reached skill level 5 in Shields
  8680 | D:11     | Reached XP level 11. HP: 68/71 MP: 11/11
  8780 | D:11     | Noticed a two-headed ogre
  8792 | D:11     | Killed a two-headed ogre
  8793 | D:11     | Reached skill level 10 in Maces & Flails
  8823 | Lair:1   | Entered Level 1 of the Lair of Beasts
  8823 | Lair:1   | Found a gate leading to a gauntlet.
  8831 | Gauntlet | Entered a Gauntlet
  8831 | Gauntlet | Noticed a moth of wrath
  8831 | Gauntlet | Found a transporter.
  8831 | Gauntlet | Found a transporter.
  8837 | Gauntlet | Found a transporter.
  8837 | Gauntlet | Found a transporter.
  8841 | Gauntlet | Found a transporter.
  8841 | Gauntlet | Found a transporter.
  8867 | Gauntlet | Found a transporter.
  8871 | Gauntlet | Found a transporter.
  8878 | Gauntlet | Found a runed translucent door.
  8881 | Gauntlet | Found a transporter.
  8893 | Gauntlet | Noticed an obsidian statue
  8895 | Gauntlet | Found a transporter.
  8910 | Gauntlet | Found a transporter.
  8914 | Gauntlet | Found a transporter.
  8918 | Gauntlet | Noticed a shining eye
  9215 | Gauntlet | Noticed a sixfirhy
  9215 | Gauntlet | Noticed a sun demon
  9247 | Gauntlet | Killed an obsidian statue
  9249 | Gauntlet | Identified the +0 pair of boots of the Forest {rPois Regen+
                  | rCorr Slay-2}
  9295 | Gauntlet | Noticed a minotaur
  9323 | Gauntlet | Killed a minotaur
  9352 | Gauntlet | Identified the +1 pair of boots of Doypt {rC++ rN+ Str-4}
  9671 | Lair:1   | Noticed Amaemon
  9701 | Lair:1   | Killed Amaemon
  9702 | Lair:1   | Reached skill level 10 in Fighting
  9793 | Lair:1   | Noticed Erica
  9803 | Lair:1   | Killed Erica
 10383 | Lair:1   | Reached XP level 12. HP: 62/78 MP: 12/12
 10479 | Lair:1   | Reached skill level 5 in Armour
 10557 | Lair:1   | Found a transporter.
 10559 | Lair:1   | Found a transporter.
 10560 | Lair:1   | Noticed a boulder beetle
 10786 | Lair:1   | Killed a boulder beetle
 10832 | Lair:2   | Noticed a five-headed hydra
 10859 | Lair:1   | Killed a five-headed hydra
 10860 | Lair:1   | Reached skill level 11 in Maces & Flails
 10997 | Lair:2   | Noticed a six-headed hydra
 11011 | Lair:2   | Killed a six-headed hydra
 11011 | Lair:2   | Reached *** piety under Trog
 11426 | Lair:2   | Noticed a five-headed hydra
 11436 | Lair:2   | Killed a five-headed hydra
 11485 | Lair:2   | Noticed Nergalle
 11498 | Lair:2   | Killed Nergalle
 11973 | Lair:3   | Noticed a catoblepas
 11976 | Lair:3   | You fall into a shaft and drop 2 floors!
 11976 | Lair:5   | Entered Level 5 of the Lair of Beasts
 12193 | Lair:4   | Reached XP level 13. HP: 61/84 MP: 13/13
 12209 | Lair:4   | Found a dark tunnel.
 12254 | Volcano  | Entered a volcano
 12424 | Volcano  | Reached **** piety under Trog
 12497 | Volcano  | Reached skill level 12 in Maces & Flails
 13644 | Lair:3   | Found a staircase to the Snake Pit.
 13840 | Lair:3   | Found a staircase to the Swamp.
 14073 | Lair:3   | Reached skill level 10 in Shields
 14551 | D:11     | Reached ***** piety under Trog
 14945 | D:11     | Found a runed translucent gate.
 14945 | D:11     | Found a runed translucent gate.
 14945 | D:11     | Found a runed translucent gate.
 14968 | D:11     | Noticed ezpacito's ghost (novice CoCK)
 14971 | D:11     | Found a viscous altar of Jiyva.
 15042 | D:12     | Gained mutation: Your large and strong wings let you fly.
                  | [Gargoyle growth]
 15042 | D:12     | Reached XP level 14. HP: 73/92 MP: 14/14
 15051 | D:12     | Noticed Azrael
 15195 | D:12     | Found a staircase to the Orcish Mines.
 15510 | D:12     | Killed Azrael
 15999 | Orc:1    | Entered Level 1 of the Orcish Mines
 15999 | Orc:1    | Found a roughly hewn altar of Beogh.
 16163 | Orc:1    | Reached skill level 10 in Evocations
 16456 | Orc:2    | Entered Level 2 of the Orcish Mines
 16491 | Orc:2    | Noticed Erolcha
 16501 | Orc:2    | Killed Erolcha
 16607 | Orc:2    | Reached skill level 13 in Maces & Flails
 16691 | Orc:2    | Received a gift from Trog
 17094 | Orc:2    | Found Astreps's Antique Weapon Boutique.
 17267 | Orc:2    | Found a roughly hewn altar of Beogh.
 17440 | Orc:2    | Found a roughly hewn altar of Beogh.
 17478 | Orc:2    | Received a gift from Trog
 17584 | Orc:2    | Found Hagriug's Jewellery Shop.
 17584 | Orc:2    | Found Lammepao's Distillery.
 17594 | Orc:2    | Bought the ring of Hexkixilu {rF+ EV+5 Dex-2 SInv} for 900
                  | gold pieces
 17646 | Orc:2    | Found a staircase to the Elven Halls.
 17878 | Orc:2    | Found Raaham's Armour Shop.
 18080 | Orc:2    | Reached skill level 10 in Armour
 18163 | Orc:2    | Bought a potion of experience for 600 gold pieces
 18163 | Orc:2    | Reached skill level 14 in Maces & Flails
 18163 | Orc:2    | Reached XP level 15. HP: 99/99 MP: 5/15
 18191 | Elf:1    | Entered Level 1 of the Elven Halls
 18744 | Snake:1  | Entered Level 1 of the Snake Pit
 18822 | Snake:1  | Reached skill level 15 in Maces & Flails
 19045 | Snake:1  | You are sucked into a shaft and drop 1 floor!
 19194 | Snake:2  | Reached XP level 16. HP: 99/105 MP: 16/16
 19209 | Snake:2  | Found a glacial archway.
 19259 | IceCv    | Entered an ice cave
 19728 | IceCv    | Noticed a golden dragon
 19728 | IceCv    | Found the +8 frozen axe "Frostbite" {freeze, freezing
                  | cloud, *Noise Fly rC+}
 19754 | IceCv    | Killed a golden dragon
 19774 | IceCv    | Received a gift from Trog
 19837 | IceCv    | Identified the ring "Epneyj" {rF- rC+ rN++ EV+5}
 19844 | IceCv    | Identified the ring of Jetaoxai {rN+ rCorr Str-3 Dex+4
                  | SInv}
 20524 | Snake:2  | Noticed Vashnia
 20545 | Snake:2  | Killed Vashnia
 20558 | Snake:2  | Reached skill level 16 in Maces & Flails
 22020 | Snake:1  | Identified the +3 ring mail of Fiprap {-Cast *Corrode
                  | Will+++ Regen+}
 22720 | Elf:1    | Reached ****** piety under Trog
 22724 | Elf:1    | Reached XP level 17. HP: 110/112 MP: 17/17
 22872 | Elf:1    | Received a gift from Trog
 22908 | Elf:1    | Noticed Norris
 22969 | Elf:1    | Killed Norris
 23048 | Elf:1    | Reached skill level 17 in Maces & Flails
 23080 | Elf:1    | Noticed Agnes
 23126 | Elf:1    | Killed Agnes
 23237 | Elf:1    | Found Ucyeck's Weapon Boutique.
 23305 | Elf:1    | Reached skill level 15 in Fighting
 23957 | Swamp:1  | Entered Level 1 of the Swamp
 24139 | Swamp:1  | Identified the +5 short sword of the Scorpion {flame, rC-
                  | Str+3 SInv} (Trog gifted it to you on level 1 of the Swamp)
 24139 | Swamp:1  | Received a gift from Trog
 24656 | Swamp:1  | Paralysed by a fenstrider witch for 5 turns
 25575 | Swamp:2  | Reached XP level 18. HP: 119/119 MP: 18/18
 25587 | Swamp:3  | Noticed Mlioglotl
 25598 | Swamp:2  | Reached skill level 18 in Maces & Flails
 25648 | Swamp:3  | Killed Mlioglotl
 25897 | D:13     | Received a gift from Trog
 26768 | D:14     | Noticed Nessos
 26778 | D:14     | Killed Nessos
 26825 | D:14     | Noticed Jorgrun
 26846 | D:14     | Killed Jorgrun
 26918 | D:14     | Noticed Kirke
 26947 | D:14     | Killed Kirke
 27008 | D:14     | Found a gate to the Vaults.
 27700 | D:15     | Entered Level 15 of the Dungeon
 27800 | D:15     | Received a gift from Trog
 28014 | D:15     | Found a staircase to the Depths.
 28111 | D:15     | Identified the +7 rapier "Boheczy" {holy, *Noise rF++
                  | Int+5}
 28137 | D:15     | Identified the +10 falchion "Glorpo" {spect, rC+ Will+
                  | rCorr}
 28424 | Depths:1 | Entered Level 1 of the Depths
 29172 | Swamp:4  | Entered Level 4 of the Swamp
 29207 | Swamp:4  | Reached skill level 19 in Maces & Flails
 29314 | Swamp:4  | Identified the +8 flail of the Boiling Point {holy, ^Drain
                  | rPois Int+3 SInv}
 29410 | Swamp:4  | Noticed the 27-headed Lernaean hydra
 29422 | Swamp:4  | Killed the 25-headed Lernaean hydra
 29488 | Swamp:4  | Reached XP level 19. HP: 112/127 MP: 19/19
 29554 | Swamp:4  | Got a decaying rune of Zot
 29795 | Swamp:4  | Found a runed translucent door.
 29953 | Swamp:4  | Noticed jasper's ghost (adept DsRe)
 29961 | Swamp:4  | Killed jasper's ghost
 29967 | Swamp:4  | Identified the +4 scale mail of Hathouwn {rC+ Str+7}
 30216 | Vaults:1 | Entered Level 1 of the Vaults
 30362 | Vaults:1 | Received a gift from Trog
 30634 | Vaults:1 | Found Udihyhergh's Antique Armour Emporium.
 31915 | Vaults:2 | Received a gift from Trog
 31931 | Vaults:2 | Noticed Donald
 31954 | Vaults:2 | Killed Donald
 31957 | Vaults:2 | Reached skill level 15 in Shields
 32084 | Vaults:2 | Noticed Margery
 32105 | Vaults:2 | Killed Margery
 32106 | Vaults:2 | Reached skill level 15 in Armour
 32678 | Vaults:2 | Found Xajoduow's Jewellery Shoppe.
 33279 | Vaults:2 | Reached XP level 20. HP: 136/136 MP: 20/20
 33576 | Vaults:3 | Found Ykafah's Distillery.
 33597 | Vaults:3 | Bought a potion of curing for 51 gold pieces
 33597 | Vaults:3 | Bought a potion of heal wounds for 85 gold pieces
 33597 | Vaults:3 | Bought a potion of haste for 170 gold pieces
 33597 | Vaults:3 | Bought a potion of invisibility for 136 gold pieces
 33597 | Vaults:3 | Bought a potion of resistance for 170 gold pieces
 33653 | Vaults:3 | Identified the +0 sling "Newt's Funeral" {antimagic, Str+4
                  | Dex+3}
 33701 | Vaults:3 | Received a gift from Trog
 33829 | Vaults:3 | Identified the +9 falchion "Hydrabane" {protect, Str+3
                  | Dex+5}
 34011 | Vaults:3 | Identified the +4 robe of Ufuorr {rPois Will+}
 34011 | Vaults:3 | Noticed Boris
 34045 | Vaults:3 | Killed Boris
 34335 | Vaults:3 | Found a staircase to the Crypt.
 34452 | Vaults:3 | Identified the ring of Xom's Amusement {rPois rF+ rN+}
 35045 | Vaults:4 | Received a gift from Trog
 35141 | Vaults:4 | Noticed Jory
 35155 | Vaults:4 | Killed Jory
 35660 | Vaults:4 | Identified the orb of Xurostrif {light, rN+ Str-5 Int+4}
 35660 | Vaults:4 | Noticed Frederick
 35674 | Vaults:4 | Killed Frederick
 35729 | Vaults:4 | Found Wibric's Weapon Shop.
 36374 | Vaults:4 | Reached XP level 21. HP: 142/142 MP: 21/21
 36469 | Vaults:5 | Entered Level 5 of the Vaults
 36486 | Vaults:4 | Received a gift from Trog
 36719 | Vaults:5 | Identified the +2 pair of gloves of Fortification {rPois
                  | rF+}
 36719 | Vaults:5 | Noticed a golden dragon
 36769 | Vaults:5 | Killed a golden dragon
 36773 | Vaults:5 | Received a gift from Trog
 36781 | Vaults:5 | Identified the +4 mace "Ycles" {pain, rC+ Int+3}
 36869 | Vaults:5 | Identified the +0 helmet of Eju Zogg {Rampage rF- Will+
                  | rCorr}
 37118 | Vaults:5 | Reached skill level 20 in Maces & Flails
 37223 | Vaults:5 | Received a gift from Trog
 37520 | Vaults:5 | Reached XP level 22. HP: 150/150 MP: 22/22
 37548 | Vaults:5 | Identified the ring "Ecyutip" {rPois rN+ Dex+3}
 37700 | Vaults:5 | Identified the staff of the Sharing Spider {^Fragile rPois
                  | rN+ rCorr Str-3 Necro}
 37775 | Vaults:5 | Got a silver rune of Zot
 38265 | Crypt:1  | Entered Level 1 of the Crypt
 39669 | Crypt:2  | Found a transporter.
 39677 | Crypt:2  | Received a gift from Trog
 39699 | Crypt:2  | Found a transporter.
 39701 | Crypt:2  | Noticed an ancient lich
 39722 | Crypt:2  | Noticed a dread lich
 39934 | Crypt:3  | Entered Level 3 of the Crypt
 40329 | Crypt:3  | Identified the ring "Zocka" {rC++ rN++ Int-3 Dex+6}
 40329 | Crypt:3  | Identified the ring "Foynt" {Ice rN++ Str+2 Int+4}
 40329 | Crypt:3  | Identified the ring "Paes" {rN++ SInv}
 40590 | Crypt:3  | Found a staircase to the Tomb.
 40639 | Crypt:3  | Received a gift from Trog
 40737 | Crypt:3  | Identified the +7 whip of Armageddon {speed, +Blink rCorr}
 40760 | Crypt:3  | Noticed a dread lich
 40772 | Crypt:3  | Killed a dread lich
 41273 | Crypt:3  | Found an ancient bone altar of Kikubaaqudgha.
 41275 | Crypt:3  | Noticed an ancient lich
 41285 | Crypt:3  | Noticed an ancient lich
 41285 | Crypt:3  | Noticed Bai Suzhen
 41673 | Crypt:3  | Noticed a dread lich
 41686 | Crypt:3  | Killed a dread lich
 41695 | Crypt:3  | Killed an ancient lich
 41696 | Crypt:3  | Reached XP level 23. HP: 94/157 MP: 23/23
 41728 | Crypt:3  | Identified the ring "Jesuloam" {rPois rF+ MP+9 Str+3}
 41731 | Crypt:3  | Killed an ancient lich
 41768 | Crypt:3  | Killed Bai Suzhen
 42374 | Elf:2    | Found a runed translucent gate.
 42379 | Elf:2    | Found a runed translucent gate.
 42379 | Elf:2    | Found a runed translucent gate.
 42426 | Elf:2    | Received a gift from Trog
 42433 | Elf:2    | Found an ancient bone altar of Kikubaaqudgha.
 42985 | Elf:2    | Reached skill level 21 in Maces & Flails
 43326 | Elf:3    | Entered Level 3 of the Elven Halls
 43326 | Elf:3    | Found a shimmering blue altar of Sif Muna.
 43551 | Elf:3    | Found Mestun's Assorted Antiques.
 43631 | Elf:3    | Bought a scroll of poison for 120 gold pieces
 43631 | Elf:3    | Bought a scroll of immolation for 120 gold pieces
 43631 | Elf:3    | Bought a potion of haste for 300 gold pieces
 43631 | Elf:3    | Bought a scroll of summoning for 285 gold pieces
 43959 | Elf:3    | Identified the +12 demon whip of Beruneust {flame, ^Contam
                  | Dex+9 SInv} (Trog gifted it to you on level 3 of the Elven
                  | Halls)
 43959 | Elf:3    | Received a gift from Trog
 43959 | Elf:3    | Noticed Mara
 44006 | Elf:3    | Killed Mara
 44065 | Elf:3    | Reached skill level 15 in Evocations
 44547 | Elf:3    | Identified the +7 rapier "Goblinbane" {protect, Fly rF+
                  | Will++ Str-2}
 44573 | Elf:3    | Identified the +9 scimitar of the Dragonfly {flame, rN+
                  | Will+ Str-5 Int+3}
 44615 | Elf:3    | Identified the +1 robe of Uskayaw's Inspiration {rC- rN++
                  | Str+3 SInv}
 44635 | Elf:3    | Identified the ring of the Slashing Gods {Ice rPois Stlth+}
 44656 | Elf:3    | Found the +6 arbalest "Damnation" {damnation}
 44663 | Elf:3    | Identified the staff "Kuuph" {rElec Conj}
 44709 | Elf:3    | Identified the +0 pair of gloves of Indomitability {*Slow
                  | rF+ rC+}
 44713 | Elf:3    | Identified the staff of Vomarr {rElec Str+3 Dex-4 Stlth+
                  | Air}
 45442 | Depths:1 | Found a gateway to Hell.
 45447 | Depths:1 | Reached XP level 24. HP: 166/166 MP: 23/23
 45518 | Depths:1 | Found a shadowy altar of Dithmenos.
 45946 | Depths:1 | Found a one-way gate leading to the halls of Pandemonium.
 46168 | Depths:2 | Received a gift from Trog
 46210 | Depths:2 | Paralysed by an air elemental for 1 turns
 46490 | Depths:2 | Paralysed by an air elemental for 1 turns
 46638 | Depths:2 | Paralysed by an air elemental for 1 turns
 46646 | Depths:2 | Paralysed by an air elemental for 1 turns
 46775 | Depths:2 | Identified the dragon-blood talisman of Tatub {Will++ SInv}
 46844 | Depths:2 | Identified the +10 falchion "Mophikho" {heavy, Dex+2}
 46919 | Depths:2 | Received a gift from Trog
 47238 | Depths:2 | Identified the staff of Exkenec {^Drain rF+ Str+3 Fire
                  | Alchemy}
 47546 | Depths:3 | Noticed a caustic shrike
 47560 | Depths:3 | Killed a caustic shrike
 47607 | Depths:3 | Noticed a juggernaut
 47716 | Depths:3 | Reached skill level 22 in Maces & Flails
 47730 | Depths:3 | Killed a juggernaut
 47760 | Depths:3 | Received a gift from Trog
 47867 | Depths:3 | Found a one-way gate to the infinite horrors of the Abyss.
 47940 | Depths:3 | Found a shimmering altar of Xom.
 48259 | Depths:4 | Entered Level 4 of the Depths
 48388 | Depths:4 | Reached XP level 25. HP: 172/172 MP: 23/23
 48391 | Depths:4 | Noticed the Enchantress
 48402 | Depths:4 | Killed the Enchantress
 48731 | Depths:4 | Found a gate to the Realm of Zot.
 48842 | Depths:4 | Found Umaittegg's Magic Scroll Boutique.
 48850 | Depths:4 | Received a gift from Trog
 48898 | Depths:4 | Bought a scroll of enchant weapon for 142 gold pieces
 48898 | Depths:4 | Bought a scroll of enchant armour for 142 gold pieces
 48898 | Depths:4 | Bought a scroll of blinking for 142 gold pieces
 48898 | Depths:4 | Bought a scroll of blinking for 142 gold pieces
 48898 | Depths:4 | Bought a scroll of fear for 76 gold pieces
 48898 | Depths:4 | Bought a scroll of teleportation for 57 gold pieces
 49310 | Depths:4 | Found a one-way gateway to a ziggurat.
 49973 | Snake:3  | Identified a scroll of acquirement
 50654 | Snake:4  | Entered Level 4 of the Snake Pit
 51230 | Snake:4  | Found Yjeluuwu's Magic Scroll Emporium.
 51230 | Snake:4  | Found Wisam's Armour Shoppe.
 51231 | Snake:4  | Found Lefuxt's Armour Emporium.
 51236 | Snake:4  | Found Munenn's Assorted Antiques.
 51239 | Snake:4  | Bought a scroll of enchant weapon for 127 gold pieces
 51239 | Snake:4  | Bought a scroll of teleportation for 51 gold pieces
 51239 | Snake:4  | Bought a scroll of fog for 68 gold pieces
 51239 | Snake:4  | Bought a scroll of vulnerability for 68 gold pieces
 51239 | Snake:4  | Acquired a manual of Maces & Flails
 51249 | Snake:4  | Bought a potion of heal wounds for 205 gold pieces
 51249 | Snake:4  | Bought a potion of heal wounds for 205 gold pieces
 51573 | Snake:4  | Received a gift from Trog
 51600 | Snake:4  | Found an iron altar of Okawaru.
 51614 | Snake:4  | Got a serpentine rune of Zot
 52007 | Zot:1    | Entered Level 1 of the Realm of Zot
 52369 | Zot:1    | Reached skill level 23 in Maces & Flails
 52381 | Zot:1    | Noticed an orb of fire
 52399 | Zot:1    | Killed an orb of fire
 52555 | Zot:1    | Reached XP level 26. HP: 180/180 MP: 23/23
 53026 | Zot:1    | Received a gift from Trog
 53201 | Zot:1    | Noticed a dread lich
 53214 | Zot:1    | Killed a dread lich
 53294 | Zot:1    | Noticed a dread lich
 53311 | Zot:1    | Killed a dread lich
 53361 | Zot:1    | Found a candlelit altar of Ignis.
 53380 | Zot:1    | Identified the +3 hand axe of Execution {drain, Stlth+}
 54192 | Zot:2    | Noticed an orb of fire
 54283 | Zot:2    | Identified the +1 robe of Dim Light {+Blink rElec}
 54331 | Zot:2    | Gained mutation: Your health recovers twice as slowly from
                  | being drained. [an orb of fire]
 54333 | Zot:2    | Gained mutation: You sometimes lose your temper in combat.
                  | [an orb of fire]
 54338 | Zot:2    | Gained mutation: You have sharp toenails. [an orb of fire]
 54341 | Zot:2    | Killed an orb of fire
 54349 | Zot:2    | Received a gift from Trog
 54366 | Zot:1    | Lost mutation: You have sharp toenails. [potion of
                  | mutation]
 54366 | Zot:1    | Lost mutation: You sometimes lose your temper in combat.
                  | [potion of mutation]
 54366 | Zot:1    | Gained mutation: You have hidden genetic defects. [potion
                  | of mutation]
 54366 | Zot:1    | Gained mutation: You have a pair of small horns on your
                  | head. [potion of mutation]
 54367 | Zot:1    | Lost mutation: You have a pair of small horns on your head.
                  | [potion of mutation]
 54367 | Zot:1    | Lost mutation: You have hidden genetic defects. [potion of
                  | mutation]
 54367 | Zot:1    | Lost mutation: Your health recovers twice as slowly from
                  | being drained. [potion of mutation]
 54367 | Zot:1    | Gained mutation: You occasionally lose the ability to read
                  | scrolls when taking damage. [potion of mutation]
 54367 | Zot:1    | Gained mutation: You are clumsy. (Dex -2) [potion of
                  | mutation]
 54367 | Zot:1    | Gained mutation: Your mind is acute. (Int +4, Str/Dex -1)
                  | [potion of mutation]
 54368 | Zot:1    | Lost mutation: You are clumsy. (Dex -2) [potion of
                  | mutation]
 54368 | Zot:1    | Lost mutation: Your mind is acute. (Int +4, Str/Dex -1)
                  | [potion of mutation]
 54368 | Zot:1    | Gained mutation: You have a pair of small antennae on your
                  | head. [potion of mutation]
 54368 | Zot:1    | Gained mutation: You sometimes lose your temper in combat.
                  | [potion of mutation]
 54369 | Zot:1    | Lost mutation: You occasionally lose the ability to read
                  | scrolls when taking damage. [potion of mutation]
 54369 | Zot:1    | Lost mutation: You have a pair of small antennae on your
                  | head. [potion of mutation]
 54369 | Zot:1    | Gained mutation: You occasionally shout uncontrollably at
                  | your foes. [potion of mutation]
 54369 | Zot:1    | Gained mutation: You passively map a small area around you.
                  | [potion of mutation]
 54370 | Zot:1    | Lost mutation: You occasionally shout uncontrollably at
                  | your foes. [potion of mutation]
 54370 | Zot:1    | Lost mutation: You passively map a small area around you.
                  | [potion of mutation]
 54370 | Zot:1    | Lost mutation: You sometimes lose your temper in combat.
                  | [potion of mutation]
 54633 | Zot:2    | Reached skill level 24 in Maces & Flails
 55770 | Zot:3    | Found a runed translucent gate.
 55770 | Zot:3    | Found an opulent altar of Gozag.
 55770 | Zot:3    | Found a runed translucent gate.
 55771 | Zot:3    | Found a runed translucent gate.
 55773 | Zot:3    | Found Topunaxo's Assorted Antiques.
 55773 | Zot:3    | Noticed Haqulin's ghost (master GnRe)
 55953 | Zot:4    | Identified the +0 cloak "Ypaecole" {Harm *Corrode Str+2
                  | Dex+3}
 55954 | Zot:4    | Found a transporter.
 56088 | Zot:4    | Noticed Sackuas's ghost (veteran OnBe)
 56096 | Zot:4    | Identified the +2 cloak "Filiumm" {rC- Int+5}
 56097 | Zot:4    | Found a bloodstained altar of Trog.
 56097 | Zot:4    | Found a transporter.
 56276 | Zot:4    | Noticed an orb of fire
 56287 | Zot:4    | Gained mutation: You are dopey. (Int -2) [an orb of fire]
 56289 | Zot:4    | Gained mutation: Your body sometimes deteriorates upon
                  | taking damage. [an orb of fire]
 56295 | Zot:4    | Gained mutation: Potions are less effective at restoring
                  | your health. [an orb of fire]
 56302 | Zot:4    | Killed an orb of fire
 56320 | Zot:4    | Reached XP level 27. HP: 100/188 MP: 10/23
 56350 | Zot:4    | Lost mutation: You are dopey. (Int -2) [potion of mutation]
 56350 | Zot:4    | Lost mutation: Your body sometimes deteriorates upon taking
                  | damage. [potion of mutation]
 56350 | Zot:4    | Lost mutation: Potions are less effective at restoring your
                  | health. [potion of mutation]
 56350 | Zot:4    | Gained mutation: You are clumsy. (Dex -2) [potion of
                  | mutation]
 56350 | Zot:4    | Gained mutation: You are weak. (Str -2) [potion of
                  | mutation]
 56350 | Zot:4    | Lost mutation: You are clumsy. (Dex -2) [potion of
                  | mutation]
 56922 | Zot:4    | Identified the +13 flail of the Unspeakable One {flame, rF+
                  | rC+ rN+ Will++} (Trog gifted it to you on level 4 of the
                  | Realm of Zot)
 56922 | Zot:4    | Received a gift from Trog
 57389 | Zot:5    | Entered Level 5 of the Realm of Zot
 57695 | Zot:5    | Reached skill level 25 in Maces & Flails
 57804 | Zot:5    | Noticed an orb of fire
 57840 | Zot:5    | Noticed a dread lich
 57852 | Zot:5    | Noticed a dread lich
 57863 | Zot:5    | Noticed an orb of fire
 57875 | Zot:5    | Killed a dread lich
 57888 | Zot:5    | Killed an orb of fire
 57932 | Zot:5    | Killed a dread lich
 57963 | Zot:5    | Noticed an orb of fire
 57975 | Zot:5    | Gained mutation: You are strong-willed. (Will+) [an orb of
                  | fire]
 57976 | Zot:5    | Killed an orb of fire
 57989 | Zot:5    | Noticed an orb of fire
 58004 | Zot:5    | Noticed an orb of fire
 58005 | Zot:5    | Gained mutation: You are somewhat resistant to further
                  | mutation. [an orb of fire]
 58007 | Zot:5    | Paralysed by a Zot trap for 2 turns
 58008 | Zot:5    | Gained mutation: You are vulnerable to cold. (rC-) [an orb
                  | of fire]
 58014 | Zot:5    | Killed an orb of fire
 58018 | Zot:5    | Killed an orb of fire
 58044 | Zot:5    | Noticed an orb of fire
 58063 | Zot:5    | Gained mutation: You are frail. (-10% HP) [an orb of fire]
 58077 | Zot:5    | Noticed an orb of fire
 58084 | Zot:5    | Noticed a dread lich
 58085 | Zot:5    | Got the Orb of Zot
 58192 | Zot:1    | Noticed a seraph
 58232 | Zot:1    | Noticed Quorut the pandemonium lord
 58256 | Depths:4 | Killed Quorut the pandemonium lord
 58699 | D:1      | Lost mutation: You are strong-willed. (Will+) [potion of
                  | mutation]
 58699 | D:1      | Lost mutation: You are weak. (Str -2) [potion of mutation]
 58699 | D:1      | Lost mutation: You are vulnerable to cold. (rC-) [potion of
                  | mutation]
 58699 | D:1      | Gained mutation: Your natural rate of healing is unusually
                  | fast. [potion of mutation]
 58699 | D:1      | Gained mutation: You occasionally lose the ability to drink
                  | potions when taking damage. [potion of mutation]
 58700 | D:1      | Lost mutation: Your natural rate of healing is unusually
                  | fast. [potion of mutation]
 58700 | D:1      | Lost mutation: You occasionally lose the ability to drink
                  | potions when taking damage. [potion of mutation]
 58700 | D:1      | Gained mutation: You passively dampen the noise of your
                  | surroundings. [potion of mutation]
 58701 | D:1      | Lost mutation: You are frail. (-10% HP) [potion of
                  | mutation]
 58701 | D:1      | Lost mutation: You are somewhat resistant to further
                  | mutation. [potion of mutation]
 58701 | D:1      | Gained mutation: You are clumsy. (Dex -2) [potion of
                  | mutation]
 58702 | D:1      | Lost mutation: You are clumsy. (Dex -2) [potion of
                  | mutation]
 58702 | D:1      | Lost mutation: You passively dampen the noise of your
                  | surroundings. [potion of mutation]
 58702 | D:1      | Gained mutation: Your health recovers twice as slowly from
                  | being drained. [potion of mutation]
 58702 | D:1      | Gained mutation: You are frail. (-10% HP) [potion of
                  | mutation]
 58702 | D:1      | Gained mutation: You are partially covered in iridescent
                  | scales. (AC +2) [potion of mutation]
 58703 | D:1      | Lost mutation: You are frail. (-10% HP) [potion of
                  | mutation]
 58703 | D:1      | Lost mutation: Your health recovers twice as slowly from
                  | being drained. [potion of mutation]
 58703 | D:1      | Gained mutation: You are occasionally teleported next to
                  | monsters. [potion of mutation]
 58703 | D:1      | Gained mutation: You occasionally shout uncontrollably at
                  | your foes. [potion of mutation]
 58703 | D:1      | Gained mutation: You are clumsy. (Dex -2) [potion of
                  | mutation]
 58704 | D:1      | Lost mutation: You occasionally shout uncontrollably at
                  | your foes. [potion of mutation]
 58704 | D:1      | Lost mutation: You are clumsy. (Dex -2) [potion of
                  | mutation]
 58704 | D:1      | Lost mutation: You are occasionally teleported next to
                  | monsters. [potion of mutation]
 58704 | D:1      | Gained mutation: You occasionally lose the ability to drink
                  | potions when taking damage. [potion of mutation]
 58704 | D:1      | Gained mutation: You have hidden genetic defects. [potion
                  | of mutation]
 58704 | D:1      | Gained mutation: A frigid envelope surrounds you and
                  | freezes all who hurt you. [potion of mutation]
 58706 | D:1      | Lost mutation: You have hidden genetic defects. [potion of
                  | mutation]
 58706 | D:1      | Lost mutation: You are partially covered in iridescent
                  | scales. (AC +2) [potion of mutation]
 58706 | D:1      | Lost mutation: You occasionally lose the ability to drink
                  | potions when taking damage. [potion of mutation]
 58706 | D:1      | Gained mutation: You are partially covered in iridescent
                  | scales. (AC +2) [potion of mutation]
 58706 | D:1      | Gained mutation: You are vulnerable to heat. (rF-) [potion
                  | of mutation]
 58706 | D:1      | Lost mutation: You are vulnerable to heat. (rF-) [potion of
                  | mutation]
 58708 | D:$      | Escaped with the Orb!

Illustrated notes

Levels and vault maps discovered:
D:1:      lordsloth_arrival_two_stooges, layout_basic,
          hangedman_decor_clover_reticule
D:2:      layout_rooms
D:3:      minmay_door_path, layout_basic, chequers_ecumenical_altar_simple
D:4:      layout_cave_pods, mainiacjoe_overflow_paths
D:5:      gammafunk_wand_slinger, layout_rooms, elyvilon_altar_5,
          gammafunk_temple_overflow_statue
D:6:      layout_loops_cross, lemuel_round_altar,
          minmay_temple_entry_purple_smoke, nrook_uturn, uniq_grinder
D:7:      layout_basic, uniq_jeremiah
D:8:      layout_basic, gammafunk_temple_overflow_elements,
          minmay_stone_trees_small, amcnicky_mini_pool_small,
          hangedman_minor_gate_pass, uniq_maurice
D:9:      minmay_the_grid_3x2 [minmay_the_grid_square_x, minmay_the_grid_spikes,
          minmay_the_grid_zigzag_pyramid, minmay_the_grid_mess,
          minmay_the_grid_all_tris, minmay_the_grid_prize_diamond_cup],
          layout_irregular_city, gammafunk_ghost_cemetery
D:10:     layout_loops_cross, erik_lair_orcish_takeover, special_room
          [special_room_bee], serial_nicolae_subway,
          nicolae_sub_station_crystal, nicolae_sub_station_stone,
          nicolae_sub_station_metal, uniq_snorg
D:11:     layout_cave_pools, gammafunk_ghost_ooze, uniq_sonja
D:12:     minmay_recursive_quarters, layout_long_grid, orc_0_dummy, uniq_azrael
D:13:     layout_cave_pods
D:14:     layout_basic, lightli_vaults_fourway_checkpoint, kennysheep_path_1,
          uniq_jorgrun, uniq_kirke, uniq_nessos
D:15:     grunt_enter_depths_hoard, layout_gridville,
          chequers_serial_rivers_micro_b
Lair:1:   gammafunk_boulding_lane, layout_long_grid, gauntlet_entry_generic,
          uniq_amaemon, uniq_erica
Lair:2:   layout_gridlike, grunt_megastairs_4, uniq_nergalle
Lair:3:   layout_misc_corridors, mainiacjoe_swamp_entry_lozenge_pond,
          guppyfry_snake_entry_garden
Lair:4:   layout_cave_pods, nicolae_volcano_entry_hallway, st_stairs_13,
          cheibrodos_lair_caveside_slide, grunt_megastairs_1
Lair:5:   minmay_lair_end_frog_pond, layout_regular_city,
          minmay_slime_entry_jelly_boxes
Swamp:1:  nicolae_swamp_standing_stones, layout_falls_marsh,
          evilmike_swamp_ruin_house_5, swamp_pool_1_2, infiniplex_staircase_pool
Swamp:2:  layout_falls_marsh, nicolae_swamp_tree_isthmus,
          infiniplex_staircase_pool_2
Swamp:3:  layout_basic_swamp, evilmike_swamp_ruin_house_4, swamp_pool_1_2,
          lightli_tree_ring, uniq_mlioglotl
Swamp:4:  swamp_old_school, layout_basic_swamp, ebering_ghost_reflecting_pool
Snake:1:  layout_gridlike, nicolae_integral_box
Snake:2:  layout_layer_cave, portal_ice_cave_entry_pillars_2,
          nicolae_snake_guarding_the_ruins, serial_bayou_shore_b, uniq_vashnia
Snake:3:  layout_onion_interference, drop_trap
Snake:4:  grunt_snake_rune_serpentine_throne, layout_misc_corridors,
          serial_library_hellmonk_big_corner, drop_trap, minmay_shoptagon,
          serial_bayou_shore_b
Orc:1:    layout_caves, mines2_david
Orc:2:    st_orc_town, layout_caves, basic_altar, uniq_erolcha
Elf:1:    minmay_elf_arrival_summoners, layout_loops_cross, serial_shops, shop,
          minmay_elf_annihilation, uniq_norris, uniq_agnes
Elf:2:    nicolae_elf_blades_crystal_corner, layout_gridlike, basic_altar
Elf:3:    minmay_elf_hall_circle, layout_geoelf_castle, basic_altar,
          serial_shops, shop, uniq_mara
Vaults:1: hangedman_vaults_maws, v_pattern_1, ontoclasm_vaults_spin,
          nicolae_vaults_trapezoid_lopsided_1, nicolae_vaults_trapezoid_layered,
          v_misc_30, nicolae_vaults_circle_grid_a, nicolae_vaults_double_plus_3,
          nicolae_vaults_frosty_reception, v_misc_33, ontoclasm_vaults_gateway,
          nicolae_vaults_diamond_2, ontoclasm_vaults_decontamination,
          layout_vaults_ring, serial_shops, shop
Vaults:2: v_misc_30, nicolae_vaults_murder_corner, nicolae_vaults_double_plus_2,
          nicolae_vaults_trapezoid_2, serial_library_hellmonk_open_square,
          v_misc_29, nicolae_vaults_double_plus_1,
          nicolae_vaults_sealed_display, vaults_dpeg_diagonal,
          nicolae_vaults_more_shelving_1, nicolae_vaults_tetromino_T_1,
          layout_vaults_omnigrid, serial_shops, nicolae_shop_tiny_waterfront,
          uniq_margery, uniq_donald
Vaults:3: ontoclasm_vaults_pinch, nicolae_vaults_closet_pinwheel_4,
          grunt_vaults_funnel, vaults_room_octagon,
          minmay_crypt_entry_simple_plaza, dpeg_vaults_monster_box,
          ontoclasm_vaults_eye, nicolae_vaults_closet_pinwheel_5,
          nicolae_vaults_closet_pinwheel_6, v_misc_22, nicolae_vaults_house_2,
          layout_vaults_omnicross, serial_shops, nicolae_shop_hallway_stairs,
          uniq_boris
Vaults:4: nicolae_vaults_tetromino_T_1, nicolae_vaults_swerve,
          nicolae_vaults_twisting_passages, nicolae_vaults_ninety_degrees,
          v_misc_14, nicolae_vaults_wine_cellar, nicolae_vaults_border_crossing,
          grunt_vaults_hallway_short, nicolae_vaults_offset_grid_hallway_2,
          vaults_mumra_chevron_long, nicolae_vaults_apartment_2,
          nicolae_vaults_tetromino_L_1, nicolae_vaults_more_shelving_2,
          layout_vaults_maze_snakey, serial_shops, nicolae_shop_mannequins,
          uniq_jory, uniq_frederick
Vaults:5
Crypt:1:  layout_chaotic_city, fountainhead
Crypt:2:  gammafunk_the_bubble [the_bubble_gammafunk_split],
          layout_misc_corridors, minivault_25, nicolae_crypt_crosshalls
Crypt:3:  quadcrypt_mu, uniq_bai_suzhen
Depths:1: layout_gridlike, grunt_mini_vestibule, rand_demon_pan_entry_4,
          minmay_misc_feat_iff, nicolae_dithmenos_through_a_glass_darkly
Depths:2: radiant_caverns_b_rkd, hell_entry, pan_entry
Depths:3: minmay_dotted_concentric_squares, layout_honeycomb, lemuel_tele_altar,
          abyss_entry, hell_entry
Depths:4: grunt_crosshair, layout_gridlike, enter_ziggurat_c, abyss_entry,
          chequers_serial_rivers_micro_b, serial_shops, shop, hell_entry,
          uniq_enchantress
Zot:1:    regret_index_infernal_bastille, layout_basic
Zot:2:    layout_basic
Zot:3:    layout_basic, ebering_ghost_gozag, lemuel_flame_loot_1
Zot:4:    layout_cathedral_of_symmetry, gammafunk_ghost_wrathful_warriors,
          skrybe_zot_glass_2
Zot:5:    layout_basic, nicolae_zot_crop_circle

Skill      XL: |  1  2  3  4  5  6  7  8  9 10 11 12 13 14 15 16 17 18 19 20 21 22 23 24 25 26 27 |
---------------+----------------------------------------------------------------------------------+-----
Dodging        | 2 3 4 5 6 8 |  8.5
Throwing       | 1 2 3 |  3.3
Maces & Flails | 4 5 6 7 8 9 10 11 12 14 15 16 17 19 20 21 22 23 24 25 | 25.7
Fighting       | 4 5 6 7 9 10 11 12 13 14 15 16 17 18 19 20 21 22 23 24 | 24.1
Evocations     | 2 4 6 7 8 9 10 11 12 13 14 15 16 17 | 17.8
Armour         | 3 4 7 8 10 11 12 14 15 16 17 18 19 20 21 22 | 22.7
Shields        | 1 5 7 8 10 11 13 14 15 16 17 18 19 20 21 22 | 22.8

Action                     |  1- 3 |  4- 6 |  7- 9 | 10-12 | 13-15 | 16-18 | 19-21 | 22-24 | 25-27 || total
---------------------------+-------+-------+-------+-------+-------+-------+-------+-------+-------++-------
  Melee: Mace              |   100 |   191 |   245 |   365 |       |       |       |       |       ||   901
         Trident           |       |       |    73 |       |       |       |       |       |       ||    73
         Demon whip        |       |       |       |   347 |  1244 |  1045 |       |       |       ||  2636
         Great mace        |       |       |       |       |    19 |       |       |       |       ||    19
         Eveningstar       |       |       |       |       |       |  1095 |  1778 |  2365 |  2091 ||  7329
         Unarmed           |       |       |       |       |       |       |     9 |       |       ||     9
  Throw: Dart              |       |       |       |     1 |       |       |       |       |       ||     1
 Invoke: Berserk           |     4 |     4 |    13 |    17 |     7 |    18 |    17 |     5 |     7 ||    92
         Trog's Hand       |       |       |     2 |     2 |     3 |     5 |    16 |    13 |    10 ||    51
         Brothers in Arms  |       |       |       |       |       |     2 |     1 |       |     4 ||     7
  Evoke: Wand              |       |       |     8 |    18 |     2 |     8 |     6 |       |    14 ||    56
         Condenser vane    |       |       |       |       |     2 |     2 |     2 |     2 |       ||     8
         Lightning rod     |       |       |       |       |       |       |       |     3 |     1 ||     4
         Phantom mirror    |       |       |       |       |       |       |       |     1 |     1 ||     2
         Box of beasts     |       |       |       |       |       |       |       |       |     2 ||     2
         Gell's gravitambo |       |       |       |       |       |       |       |       |     2 ||     2
    Use: Scroll            |       |     4 |     1 |    13 |     6 |    13 |    10 |    15 |    21 ||    83
         Potion            |       |       |     2 |     8 |     1 |     8 |    10 |     3 |    25 ||    57
   Stab: Distracted        |       |       |       |       |       |       |     1 |       |     5 ||     6
         Invisible         |       |       |       |       |       |       |     4 |       |     7 ||    11
 Armour: Animal skin       |    51 |       |       |       |       |       |       |       |       ||    51
         Scale mail        |    44 |   188 |    30 |       |       |       |       |       |       ||   262
         Chain mail        |       |       |   337 |   273 |       |       |       |       |       ||   610
         Skin              |       |       |       |    10 |       |    20 |     2 |       |       ||    32
         Crystal plate arm |       |       |       |   286 |   557 |    40 |       |       |       ||   883
         Gold dragon scale |       |       |       |       |       |   910 |   867 |  1194 |  1673 ||  4644
         Ice dragon scales |       |       |       |       |       |    36 |       |       |       ||    36
  Dodge: Dodged            |    64 |   114 |   159 |   182 |   126 |   540 |   596 |   748 |   624 ||  3153
  Block: Buckler           |       |       |    11 |   258 |   463 |   117 |       |       |       ||   849
         Reflection        |       |       |       |     1 |    28 |   149 |    80 |    50 |   105 ||   413
         Other             |       |       |       |       |     4 |       |       |       |       ||     4
         Tower shield      |       |       |       |       |       |  1905 |  1507 |  1941 |  2452 ||  7805

Table legend: (Time is in decaauts)
 A = Elapsed time spent in this place.
 B = Non-inter-level travel time spent in this place.
 C = Inter-level travel time spent in this place.
 D = Time resting spent in this place.
 E = Time spent auto-exploring this place.
 F = Levels seen in this place.
 G = Mean time per level.
                   A        B        C        D        E       F      G
               +--------+--------+--------+--------+--------+-----+--------+
         Total |  56810 |  51594 |   5216 |   5069 |  30801 |  53 | 1071.9 |
       Dungeon |  14548 |  12631 |   1917 |   1671 |   8096 |  15 |  969.9 |
          Lair |   5379 |   4305 |   1074 |    651 |   2882 |   5 | 1075.8 |
         Swamp |   3094 |   2903 |    191 |    236 |   1690 |   4 |  773.5 |
     Snake Pit |   4615 |   4395 |    220 |    150 |   3061 |   4 | 1153.8 |
  Orcish Mines |   2477 |   2177 |    300 |    313 |   1320 |   2 | 1238.5 |
   Elven Halls |   3618 |   3303 |    315 |    117 |   1766 |   3 | 1206.0 |
        Vaults |   7838 |   7398 |    440 |   1029 |   4060 |   5 | 1567.6 |
         Crypt |   3598 |   3329 |    269 |    141 |   2131 |   3 | 1199.3 |
        Depths |   4147 |   3869 |    278 |     62 |   2380 |   4 | 1036.8 |
           Zot |   5880 |   5670 |    210 |    400 |   3190 |   5 | 1176.0 |
      Ice Cave |    667 |    667 |      0 |    203 |     35 |   1 |  667.0 |
       Volcano |    394 |    394 |      0 |     23 |    137 |   1 |  394.0 |
      Gauntlet |    550 |    550 |      0 |     67 |     50 |   1 |  550.0 |
               +--------+--------+--------+--------+--------+-----+--------+

Top non-repeatable levels by time:
   Orc:2: 2013 daAuts
  Lair:1: 2011 daAuts
 Crypt:3: 1978 daAuts
    D:10: 1894 daAuts
   Zot:1: 1811 daAuts
Vaults:1: 1726 daAuts
Vaults:4: 1624 daAuts
Vaults:2: 1622 daAuts
 Snake:2: 1610 daAuts
Vaults:3: 1498 daAuts
   Elf:3: 1486 daAuts
   Zot:4: 1430 daAuts
Vaults:5: 1366 daAuts
     D:8: 1256 daAuts
    D:12: 1178 daAuts
